 Dungeon Crawl Stone Soup version 0.21.0-24-g2553a33 (webtiles) character file.

1367 opunya the Spear-Bearer (level 8, -1/73 HPs)
             Began as a Minotaur Fighter on Jan 20, 2018.
             Slain by Suckerboh's ghost (7 damage)
             ... on level 6 of the Dungeon.
             The game lasted 00:25:58 (5214 turns).

opunya the Spear-Bearer (Minotaur Fighter)          Turns: 5214, Time: 00:25:59

Health: -1/73      AC: 12    Str: 23    XL:     8   Next: 38%
Magic:  7/7        EV:  6    Int:  5    God:
Gold:   389        SH:  9    Dex: 10    Spells: 7/7 levels left

rFire    + + .     SeeInvis .   a - +0 trident
rCold    x . .     Gourm    +   c - +0 shield
rNeg     . . .     Faith    .   u - +0 chain mail
rPois    .         Spirit   .   (helmet restricted)
rElec    .         Reflect  .   (no cloak)
rCorr    .         Harm     .   y - +1 pair of gloves
MR       .....                  (no boots)
Stlth    ..........             k - amulet of the gourmand
HPRegen  0.22/turn              h - ring of protection from fire
MPRegen  0.10/turn              x - ring of fire

@: no status effects
A: retaliatory headbutt, horns 2
a: no special abilities


You were on level 6 of the Dungeon.
You were not hungry.

You visited 1 branch of the dungeon, and saw 6 of its levels.

You collected 389 gold pieces.

Inventory:

Hand Weapons
 a - a +0 trident (weapon)
Armour
 c - a +0 shield (worn)
 u - a +0 chain mail (worn)
 y - a +1 pair of gloves (worn)
Jewellery
 b - an uncursed ring of teleportation
 h - a ring of protection from fire (left hand)
 k - an amulet of the gourmand (around neck)
 x - a ring of fire (right hand)
Scrolls
 g - 3 scrolls of teleportation
 n - a scroll of identify
 r - 2 scrolls of noise
 s - 2 scrolls of enchant weapon {unknown}
Potions
 d - 2 potions of might
 e - 2 potions of curing {unknown}
 i - a potion of magic {unknown}
 l - 2 potions of heal wounds {unknown}
 m - 3 potions of flight {unknown}
 q - a potion of haste {unknown}
 t - 2 potions of ambrosia {unknown}
 v - a potion of invisibility {unknown}
 w - a potion of mutation {unknown}
Books
 j - a book of Air

   Spells                             Type                      Level
   a - Shock                          Conjuration/Air              1
   b - Swiftness                      Charms/Air                   2
   c - Static Discharge               Conjuration/Air              3
   d - Airstrike                      Air                          4
   e - Lightning Bolt                 Conjuration/Air              5
 o - a book of Misfortune

   Spells                             Type                      Level
   a - Confusing Touch                Hexes                        1
   b - Confuse                        Hexes                        3
   c - Gell's Gravitas                Translocation                3
   d - Petrify                        Transmutation/Earth          4
   e - Metabolic Englaciation         Hexes/Ice                    5
   f - Yara's Violent Unravelling     Hexes/Transmutation          5
Comestibles
 f - 11 rations
 z - 13 chunks of flesh


   Skills:
 + Level 7.6 Fighting
 - Level 9.1 Polearms
 + Level 6.2 Armour
 - Level 4.2 Shields


You had 7 spell levels left.
You didn't know any spells.

Dungeon Overview and Level Annotations

Branches:
Dungeon (6/15)             Temple (0/1) D:4

Altars:
Ashenzari
Dithmenos
Hepliaklqana
Kikubaaqudgha
Nemelex Xobeh
Wu Jian
The Shining One

Annotations:
D:6 Suckerboh's ghost, novice HaBe


Innate Abilities, Weirdness & Mutations

You reflexively headbutt those who attack you in melee.
You have a pair of horns on your head.


Message History

Suckerboh's ghost is moderately damaged.
Suckerboh's ghost hits you.
* * * LOW HITPOINT WARNING * * *
You closely miss Suckerboh's ghost.
Suckerboh's ghost is moderately damaged.
You block Suckerboh's ghost's attack.
You closely miss Suckerboh's ghost.
Suckerboh's ghost is moderately damaged.
Suckerboh's ghost hits you.
* * * LOW HITPOINT WARNING * * *
You miss Suckerboh's ghost.
Suckerboh's ghost is moderately damaged.
You block Suckerboh's ghost's attack.
You hit Suckerboh's ghost.
Suckerboh's ghost is moderately damaged.
Suckerboh's ghost hits you but does no damage.
You miss Suckerboh's ghost.
Suckerboh's ghost is moderately damaged.
Suckerboh's ghost hits you!
You die...

....##.......##.....#
....##.......##.....#
....#........#......#
....#........##.....#
....#........##.....#
#...##.......##.....#
...##.......##.....#
...#...............#
#........##.@...#
#........##.W...##
#................#
##.########......#
####W#......#......#
#....#......'......#
#....#......#......#
#....'......####+###
####...#.............#


You could see Suckerboh's ghost.

Vanquished Creatures
  A gargoyle (D:5)
  2 ogres
  A centaur (D:6)
  2 bullfrogs
  A scorpion (D:5)
  2 howler monkeys
  A crimson imp (D:6)
  A bullfrog zombie (D:5)
  2 hounds
  2 bullfrog skeletons
  Terence (D:2)
  2 orc wizards (D:6)
  4 worker ants
  10 adders
  2 oozes
  An adder zombie (D:6)
  2 adder skeletons
  4 worms
  2 dart slugs (D:3)
  3 leopard geckos
  5 orcs
  2 bats
  3 bat zombies (D:3)
  5 giant cockroaches
  10 hobgoblins
  7 jackals
  6 kobolds
  A quokka (D:3)
  A ball python (D:1)
  A ball python skeleton (D:6)
  4 frilled lizards
  8 goblins
  A quokka skeleton (D:6)
  6 rats
  4 rat zombies
110 creatures vanquished.

Notes
Turn   | Place    | Note
-------+----------+-------------------------------------------
     0 | D:1      | opunya the Minotaur Fighter began the quest for the Orb.
     0 | D:1      | Reached XP level 1. HP: 19/19 MP: 0/0
    78 | D:1      | Reached XP level 2. HP: 26/27 MP: 1/1
   208 | D:1      | Found a glowing golden altar of the Shining One.
   718 | D:2      | Noticed Terence
   722 | D:2      | Killed Terence
   722 | D:2      | Reached skill level 3 in Polearms
   722 | D:2      | Reached XP level 3. HP: 34/34 MP: 2/2
   823 | D:2      | Found a shattered altar of Ashenzari.
  1026 | D:2      | Reached XP level 4. HP: 41/41 MP: 3/3
  1539 | D:3      | Found a sparkling altar of Nemelex Xobeh.
  1543 | D:3      | Noticed a bullfrog
  1545 | D:3      | Reached skill level 4 in Polearms
  1552 | D:3      | Killed a bullfrog
  1552 | D:3      | Reached skill level 5 in Fighting
  1552 | D:3      | Reached skill level 5 in Polearms
  1552 | D:3      | Reached XP level 5. HP: 31/48 MP: 4/4
  2392 | D:3      | Found an ancient bone altar of Kikubaaqudgha.
  2611 | D:4      | Reached skill level 6 in Polearms
  2611 | D:4      | Reached XP level 6. HP: 37/56 MP: 5/5
  2911 | D:4      | Found a hazy altar of Hepliaklqana.
  3023 | D:4      | Reached skill level 7 in Polearms
  3050 | D:4      | Found an ornate altar of the Wu Jian Council.
  3050 | D:4      | Found a shadowy altar of Dithmenos.
  3420 | D:4      | Found a staircase to the Ecumenical Temple.
  3590 | D:5      | Entered Level 5 of the Dungeon
  3594 | D:5      | Noticed a gargoyle
  3621 | D:5      | HP: 1/57 [gargoyle/stone arrow (6)]
  3624 | D:5      | Killed a gargoyle
  3624 | D:5      | Reached skill level 8 in Polearms
  3624 | D:5      | Reached XP level 7. HP: 1/63 MP: 6/6
  3959 | D:5      | Found a sand-covered staircase.
  4036 | D:5      | Reached skill level 9 in Polearms
  4943 | D:6      | Reached XP level 8. HP: 71/71 MP: 7/7
  4986 | D:6      | Reached skill level 5 in Armour
  5150 | D:6      | Noticed Suckerboh's ghost (novice HaBe)
  5214 | D:6      | Slain by Suckerboh's ghost

Skill      XL: |  1  2  3  4  5  6  7  8 |
---------------+-------------------------+-----
Shields        | 4 |  4.2
Fighting       | 4 5 6 7 |  7.6
Polearms       | 3 5 6 8 9 |  9.1
Armour         | 4 6 |  6.2

Action                   |  1- 3 |  4- 6 |  7- 9 || total
-------------------------+-------+-------+-------++-------
Melee: Trident           |   103 |   196 |   115 ||   414
       Headbutt          |    13 |    24 |    23 ||    60
  Use: Scroll            |       |     7 |     3 ||    10
  Eat: Chunk             |     1 |     7 |     3 ||    11
       Ration            |       |       |     2 ||     2
Armor: Scale mail        |    37 |    25 |       ||    62
       Chain mail        |       |    57 |    35 ||    92
Dodge: Dodged            |    19 |    48 |    13 ||    80
Block: Shield            |    39 |    95 |    43 ||   177
